General information
			
			
        
        - name: BNet
 
        - type: Ladder 1vs1/FFA
 
        - host: Battle.net
 
        - saver: timg4strOK
 
        
map: BrokenShard 
        - players: 2
 
        - length: 15:25
 
        - speed: Fast
 - version: 1.22 W3XP
 - replay type:  

 
» download(69 KB)
Players
        team 1 (winner) 
              
              
» 
timg4strOK (
green | 189 APM | 2916 actions | 15:25)
              
 4 Blademaster 
 2 Wind Walk
 2 Critical Strike
 3 Shadow Hunter 
 1 Hex
 2 Healing Wave
 
                » actions 
                
                | Assign group hotkey | 31 |  | 
| Basic commands | 29 |  | 
| Build / train | 51 |  | 
| Enter build submenu | 13 |  | 
| Enter hero's abilities submenu | 7 |  | 
| Right click | 1365 |  | 
| Select / deselect | 319 |  | 
| Select group hotkey | 1007 |  | 
| Use ability | 94 |  | 
                2916 total
 » units 
                
                | Peon | 7 |  | 
| Grunt | 9 |  | 
| Raider | 3 |  | 
| Spirit Walker | 1 |  | 
| Troll Batrider | 6 |  | 
                26 total
 » upgrades
                
                | Berserker Strength | 1 |  | 
| Pillage | 1 |  | 
| Ensnare | 1 |  | 
| Spirit Walker Training | 1 |  | 
                4 total
 » buildings
                
                | Altar of Storms | 1 |  | 
| Orc Burrow | 6 |  | 
| Barracks | 1 |  | 
| Voodoo Lounge | 1 |  | 
| Stronghold | 1 |  | 
| Beastiary | 2 |  | 
| Spirit Lodge | 1 |  | 
| Fortress | 1 |  | 
| Great Hall | 1 |  | 
                15 total
 » build order
                00:02 Altar of Storms
00:15 Orc Burrow
00:43 Barracks
01:25 Orc Burrow
01:58 Voodoo Lounge
02:55 Stronghold
04:11 Orc Burrow
04:44 Orc Burrow
05:46 Beastiary
06:32 Spirit Lodge
09:44 Orc Burrow
11:54 Fortress
12:04 Beastiary
13:00 Orc Burrow
13:11 Great Hall
» items
                
                | Healing Salve | 2 |  | 
| Lesser Clarity Potion | 4 |  | 
| Scroll of Speed | 1 |  | 
| Scroll of Town Portal | 1 |  | 
| Potion of Healing | 1 |  | 
                9 total
  
               team 2 (loser) 
              
              
xPc (
orange | 123 APM | 1889 actions | 15:24)
              
 3 Archmage 
 2 Summon Water Elemental
 1 Brilliance Aura
 1 Mountain King 
 1 Storm Bolt
 
                » actions 
                
                | Assign group hotkey | 34 |  | 
| Basic commands | 44 |  | 
| Build / train | 56 |  | 
| ESC pressed | 5 |  | 
| Enter build submenu | 19 |  | 
| Enter hero's abilities submenu | 4 |  | 
| Right click | 1143 |  | 
| Select / deselect | 295 |  | 
| Select group hotkey | 177 |  | 
| Use ability | 112 |  | 
                1889 total
 » units 
                
                | Peasant | 11 |  | 
| Footman | 6 |  | 
| Gryphon Rider | 4 |  | 
| Dragonhawk Rider | 1 |  | 
                22 total
 » upgrades
                » buildings
                
                | Altar of Kings | 1 |  | 
| Barracks | 1 |  | 
| Farm | 7 |  | 
| Scout Tower | 3 |  | 
| Arcane Tower | 5 |  | 
| Keep | 3 |  | 
| Arcane Vault | 1 |  | 
| Lumber Mill | 2 |  | 
| Castle | 3 |  | 
| Gryphon Aviary | 2 |  | 
                28 total
 » build order
                00:11 Altar of Kings
00:22 Barracks
00:37 Farm
01:03 Farm
01:38 Farm
02:47 Scout Tower
03:16 Arcane Tower
03:17 Arcane Tower
03:58 Keep
03:58 Keep
04:10 Farm
04:17 Arcane Vault
04:21 Scout Tower
04:56 Lumber Mill
04:58 Arcane Tower
06:03 Scout Tower
07:53 Castle
07:53 Castle
08:02 Lumber Mill
09:40 Gryphon Aviary
09:41 Gryphon Aviary
09:43 Farm
12:38 Farm
12:59 Farm
» items
                
                | Scroll of Regeneration | 4 |  | 
| Lesser Clarity Potion | 2 |  | 
| Boots of Speed | 2 |  | 
| Potion of Healing | 5 |  | 
                13 total
  
                Chat log
          (00:05 / All) timg4strOK: gl hf
(03:57 / All) timg4strOK: lucky sentry wards :(